 Dungeon Crawl Stone Soup version 0.31.0-12-g77e489cdc1 (webtiles) character file.

Game seed: 3751929266808375810

1781 Sabo the Basher (level 8, -11/79 HPs)
             Began as a Troll Monk on Feb 12, 2024.
             Was an Elder of Qazlal.
             Mangled by an orc warrior
             ... wielding a +2 heavy mace
              (18 damage)
             ... on level 6 of the Dungeon on Feb 18, 2024.
             The game lasted 00:26:04 (3322 turns).

Sabo the Basher (Troll Monk)                        Turns: 3322, Time: 00:26:05

Health: -11/79     AC:  5    Str: 22    XL:     8   Next: 81%
Magic:  7/7        EV: 16    Int:  6    God:    Qazlal [****..]
Gold:   268        SH:  0    Dex: 12    Spells: 7/7 levels left

rFire   . . .        t - +2 flail (protect)
rCold   . . .        d - orb {light}
rNeg    . . .        b - +0 robe
rPois   +            (helmet restricted)
rElec   .            a - +1 cloak {rPois}
rCorr   .            (gloves unavailable)
SInv    .            (boots unavailable)
Will    .....        (no amulet)
Stlth   +            l - +5 ring of evasion
HPRegen 1.13/turn    (no ring)
MPRegen 0.10/turn

%: repel missiles
@: confused, corroded, under a protective aura, glowing
A: large, unfitting armour, claws 3, regeneration 1, shaggy fur 1, tough skin 1
a: Renounce Religion, Upheaval, Elemental Force


You were on level 6 of the Dungeon.
You worshipped Qazlal.
Qazlal was greatly pleased with you.
You visited 1 branch of the dungeon, and saw 7 of its levels.

You collected 268 gold pieces.

Inventory:

Hand Weapons
 t - a +2 flail of protection (weapon)
Missiles
 e - 7 boomerangs (quivered)
 i - 5 curare-tipped darts
 k - 14 poisoned darts
Armour
 a - a +1 cloak of poison resistance (worn)
 b - a +0 robe (worn)
 d - an orb of light (worn)
Jewellery
 l - a +5 ring of evasion (left claw)
Talismans
 j - a flux talisman
Wands
 o - a wand of polymorph (13)
Scrolls
 g - a scroll of fog {unknown}
 h - a scroll of brand weapon
 m - a scroll of teleportation {unknown}
 n - a scroll of fear
 r - a scroll of silence {unknown}
Potions
 c - a potion of ambrosia
 f - a potion of curing {unknown}
 p - 2 potions of brilliance {unknown}
 q - a potion of berserk rage {unknown}
 s - a potion of might {unknown}


   Skills:
 + Level 4.8 Fighting
 + Level 8.3 Maces & Flails
 + Level 5.1 Dodging
 + Level 0.6 Stealth


You had 7 spell levels left.
You didn't know any spells.
Your spell library was empty.

Dungeon Overview and Level Annotations

Branches:
Dungeon (7/15)             Temple (0/1) D:4

Altars:
Qazlal
Uskayaw


Innate Abilities, Weirdness & Mutations

You are too large for most types of armour.
You have claws for hands.
Your natural rate of healing is unusually fast.
You are covered in fur. (AC +1)
You have tough skin. (AC +1)


Message History

The orc wizard gestures wildly while chanting.
The orc wizard flickers and vanishes for a moment.
The orc misses you.
You're too confused to move!
The orc hits you but does no damage.
The orc wizard gestures at you while chanting.
The puff of flame hits you. The orc misses you. The orc warrior misses you.
The hound bites you.
The howler monkey hoots and howls with incredible vigour!
Unknown command.
You barely miss the orc.
The orc is moderately wounded.
The orc wizard gestures at you while chanting.
The magic dart hits you!
* * * LOW HITPOINT WARNING * * *
The orc hits you with a +0 dagger.
* * * LOW HITPOINT WARNING * * *
The hound closely misses you. The orc completely misses you.
You sock the orc!
You kill the orc!
Qazlal accepts your kill. The hound barely misses you.
A kobold comes into view. It is wielding a +0 short sword.
The orc warrior hits you with a +2 heavy mace.
* * * LOW HITPOINT WARNING * * *
The orc misses you. The orc wizard barely misses you.
The howler monkey hits you.
* * * LOW HITPOINT WARNING * * *
The hound completely misses you.
You hit the kobold.
The kobold is moderately wounded.
The white imp misses you. The orc hits you with a +0 dagger.
* * * LOW HITPOINT WARNING * * *
A kobold comes into view. It is wielding a +0 dagger.
The orc wizard points at you and mumbles some strange words.
You resist with some effort. The kobold completely misses you.
The howler monkey hits you but does no damage.
The hound barely misses you.
An ufetubus comes into view.
The orc warrior hits you with a +2 heavy mace!!
You die...

...#.#.##..#.....
#.....#..........
###KK.............
..................
.#.5..............
......KK..........
........☼K☼.○.....
.......)Ko5......#
.....(..KK@h☼....#
....<...)oho..#...
..............# .
..............#
###..#........#
...#........# .#
.........#
..........#


You could see an orc warrior, a kobold brigand, a howler monkey, a hound, an orc
wizard (invisible), a white imp, an ufetubus, an orc and 7 kobolds.

Vanquished Creatures
  Pikel (D:6)
  Grinder (D:3)
  2 ogres (D:4)
  A phantom (D:6)
  3 lemures (D:6)
  2 bullfrogs
  2 scorpions
  2 hounds
  A bombardier beetle (D:6)
  2 orc priests
  2 jellies (D:6)
  4 orc wizards
  A sleepcap (D:4)
  Jessica (D:2)
  Ijyb (D:3)
  3 iguanas (D:4)
  A gnoll (D:1)
  5 adders
  2 ufetubi (D:7)
  A dart slug (D:2)
  2 ribbon worms (D:2)
  27 orcs
  5 endoplasms
  2 giant cockroaches
  3 goblins
  9 hobgoblins
  2 jackals (D:1)
  5 kobolds
  3 quokkas
  14 ball pythons
  3 bats (D:1)
  3 frilled lizards
  5 rats
121 creatures vanquished.

Notes
Turn   | Place    | Note
-------+----------+-------------------------------------------
     0 | D:1      | Sabo the Troll Monk began the quest for the Orb.
     0 | D:1      | Reached XP level 1. HP: 22/22 MP: 0/0
   144 | D:1      | Reached XP level 2. HP: 29/29 MP: 1/1
   228 | D:1      | Reached skill level 3 in Maces & Flails
   424 | D:1      | Reached XP level 3. HP: 36/36 MP: 2/2
   826 | D:2      | Found a hide-covered altar of Uskayaw.
   895 | D:2      | Noticed Jessica
   901 | D:2      | Killed Jessica
   902 | D:2      | Reached XP level 4. HP: 44/44 MP: 3/3
   970 | D:2      | Found a faded altar of an unknown god.
  1041 | D:2      | Prayed at the altar of an unknown god.
  1041 | D:2      | Became a worshipper of Qazlal Stormbringer
  1041 | D:2      | Reached * piety under Qazlal
  1041 | D:2      | Reached ** piety under Qazlal
  1437 | D:3      | Noticed Ijyb
  1449 | D:3      | Killed Ijyb
  1450 | D:3      | Noticed Grinder
  1453 | D:3      | Reached skill level 4 in Maces & Flails
  1453 | D:3      | Reached XP level 5. HP: 53/53 MP: 4/4
  1457 | D:3      | Reached *** piety under Qazlal
  1470 | D:3      | Paralysed by Grinder for 3 turns
  1477 | D:3      | Killed Grinder
  1478 | D:3      | Reached skill level 5 in Maces & Flails
  1478 | D:3      | Reached XP level 6. HP: 10/61 MP: 5/5
  2350 | D:4      | Found a staircase to the Ecumenical Temple.
  2379 | D:4      | Reached XP level 7. HP: 65/67 MP: 6/6
  2545 | D:4      | Reached skill level 6 in Maces & Flails
  3136 | D:5      | Entered Level 5 of the Dungeon
  3216 | D:5      | You fall into a shaft and drop 2 floors!
  3234 | D:7      | Reached **** piety under Qazlal
  3282 | D:6      | Noticed Pikel
  3288 | D:6      | Reached XP level 8. HP: 68/78 MP: 7/7
  3294 | D:6      | Killed Pikel
  3295 | D:6      | Reached skill level 7 in Maces & Flails
  3295 | D:6      | Reached skill level 5 in Dodging
  3302 | D:6      | Reached skill level 8 in Maces & Flails
  3322 | D:6      | Mangled by an orc warrior

Illustrated notes

Levels and vault maps discovered:
D:1:      matt_arrival_los_fun, layout_basic, serial_park_tiny_2
D:2:      layout_loops_ring, hellmonk_ecumenical_altar_blasted, basic_altar,
          uniq_jessica
D:3:      layout_loops_ring, dk_noncrumbling_4, uniq_ijyb, uniq_grinder
D:4:      layout_basic, minmay_temple_entry_from_below_a,
          chequers_serial_rivers_room_b
D:5:      layout_basic, nicolae_overflow_hidden_temple, serial_shops, shop,
          minmay_manual_moon
D:6:      minmay_cornered_nines, layout_rooms, uniq_pikel
D:7:      regret_index_malice_mire, layout_loops_ring, nrook_campfire

Skill      XL: |  1  2  3  4  5  6  7  8 |
---------------+-------------------------+-----
Maces & Flails | 3 4 5 6 8 |  8.3
Dodging        | 3 4 5 |  5.1
Fighting       | 3 4 |  4.8
Stealth        | |  0.6

Action                     |  1- 3 |  4- 6 |  7- 9 || total
---------------------------+-------+-------+-------++-------
  Melee: Mace              |    74 |    87 |       ||   161
         Flail             |       |    16 |    89 ||   105
    Use: Scroll            |       |     4 |       ||     4
         Potion            |       |       |     1 ||     1
 Armour: Robe              |    70 |    82 |   118 ||   270
         Skin              |       |    38 |       ||    38
  Dodge: Dodged            |    42 |    61 |   164 ||   267
